 Dungeon Crawl Stone Soup version 0.22-a0-91-g23542c2 (webtiles) character file.

57 KristoblXynda the Ruffian (level 3, -3/31 HPs)
             Began as a Draconian Monk on Jan 22, 2018.
             Slain by a gnoll (7 damage)
             ... on level 3 of the Dungeon.
             The game lasted 00:02:40 (2018 turns).

KristoblXynda the Ruffian (Draconian Monk)          Turns: 2018, Time: 00:02:41

Health: -3/31      AC:  5    Str: 14    XL:     3   Next: 73%
Magic:  3/3        EV: 13    Int: 10    God:
Gold:   65         SH:  0    Dex: 13    Spells: 2/2 levels left

rFire    . . .     SeeInvis .     - Unarmed
rCold    . . .     Gourm    .   (no shield)
rNeg     . . .     Faith    .   (armour unavailable)
rPois    .         Spirit   .   (helmet restricted)
rElec    .         Reflect  .   (no cloak)
rCorr    .         Harm     .   (no gloves)
MR       .....                  (no boots)
Stlth    ++........             (no amulet)
HPRegen  0.10/turn              (no ring)
MPRegen  0.08/turn              (no ring)

@: no status effects
A: unfitting armour, cold-blooded, AC +5
a: no special abilities


You were on level 3 of the Dungeon.
You were hungry.

You visited 1 branch of the dungeon, and saw 3 of its levels.

You collected 65 gold pieces.

Inventory:

Jewellery
 g - an uncursed ring of protection from cold {unknown}
Scrolls
 b - a scroll of teleportation {unknown}
 c - a scroll of amnesia {unknown}
 h - a scroll of noise {unknown}
Potions
 e - a potion of agility {unknown}
Comestibles
 a - 3 rations


   Skills:
 - Level 3.2 Fighting
 + Level 3.6 Dodging
 - Level 1.7 Stealth
 + Level 3.9 Unarmed Combat


You had 2 spell levels left.
You didn't know any spells.

Dungeon Overview and Level Annotations

Branches:
Dungeon (3/15)

Altars:
Hepliaklqana
Kikubaaqudgha


Innate Abilities, Weirdness & Mutations

Your plain brown scales are hard. (AC +5)
You cannot fit into any form of body armour.
You are cold-blooded and may be slowed by cold attacks.


Message History

The gnoll hits you with a club!
You hit the gnoll.
The gnoll is almost dead.
The gnoll hits you but does no damage.
You hit the gnoll.
You kill the gnoll!
You hit the gnoll.
The gnoll is heavily wounded.
The gnoll hits you.
You hit the gnoll but do no damage.
The gnoll is heavily wounded.
The gnoll hits you.
You closely miss the gnoll. You tail-slap the gnoll.
The gnoll is severely wounded.
The gnoll hits you!
* * * LOW HITPOINT WARNING * * *
You hit the gnoll but do no damage.
The gnoll is severely wounded.
The gnoll hits you!
You die...

#####################
.....gg@..).....(.>..
#############$####.#
#.# #.# #.# #.# #.#
#.# #.#####.####.#


You could see 2 gnolls.

Vanquished Creatures
  2 gnolls (D:3)
  An adder (D:2)
  A dart slug (D:2)
  A leopard gecko (D:1)
  3 giant cockroaches (D:1)
  6 goblins
  A quokka (D:2)
  2 bats (D:2)
  4 frilled lizards (D:2)
  5 kobolds
  2 rats (D:1)
28 creatures vanquished.

Notes
Turn   | Place    | Note
-------+----------+-------------------------------------------
     0 | D:1      | KristoblXynda the Draconian Monk began the quest for the Orb.
     0 | D:1      | Reached XP level 1. HP: 19/19 MP: 1/1
   290 | D:1      | Reached XP level 2. HP: 26/26 MP: 2/2
  1063 | D:2      | Found an ancient bone altar of Kikubaaqudgha.
  1444 | D:2      | Reached XP level 3. HP: 8/31 MP: 3/3
  1687 | D:2      | Found a hazy altar of Hepliaklqana.
  2018 | D:3      | Slain by a gnoll

Vault maps used:
D:1:      matt_arrival_grand_opening
D:2:      old_standard_altar, lemuel_doored_altar, first_ration

Skill      XL: |  1 |
---------------+----+-----
Dodging        | 3 |  3.6
Fighting       | |  3.2
Stealth        | |  1.7
Unarmed Combat | |  3.9

Action                   || total
-------------------------++-------
Melee: Unarmed           ||   138
       Tailslap          ||    10
       Punch             ||     1
  Use: Potion            ||     2
 Stab: Sleeping          ||     6
  Eat: Chunk             ||     3
Armor: Skin              ||    31
Dodge: Dodged            ||    84

Table legend:
 A = Spawn XP
 B = Non-spawn XP
 C = Spawn XP percentage of total XP
 D = Spawn monster count
 E = Non-spawn monster count
 F = Spawn count percentage of total count
 G = Total turns spent on level
                    A         B        C        D         E        F      G
               +---------+---------+-------+---------+---------+-------+---------
         Total |       0 |      82 |   0.0 |       0 |      28 |   0.0 |  2018
               +---------+---------+-------+---------+---------+-------+---------
           D:1 |       0 |      19 |   0.0 |       0 |      11 |   0.0 |   718
           D:2 |       0 |      34 |   0.0 |       0 |      14 |   0.0 |  1259
           D:3 |       0 |      29 |   0.0 |       0 |       3 |   0.0 |    41
               +---------+---------+-------+---------+---------+-------+---------
